 Dungeon Crawl Stone Soup version 0.29-a0-824-gd827844252 (webtiles) character file.

Game seed: 14950615820084014813

32271 jimonade the Thaumaturge (level 14, -3/102 HPs)
             Began as a Djinni Fire Elementalist on July 10, 2022.
             Was a High Priest of Makhleb.
             Slain by a fire crab (4 damage)
             ... in a Gauntlet.
             The game lasted 01:18:35 (23960 turns).

jimonade the Thaumaturge (DjFE)                    Turns: 23960, Time: 01:18:36

Health: -3/102     AC: 11    Str: 11    XL:     14   Next: 1%
Gold:   1044       EV: 13    Int: 22    God:    Makhleb [*****.] SH:  0 Dex: 18

rFire   + + +      SeeInvis .   V - +5 war axe of the Blessed Realm {vorpal, Int+4 Dex+4 Stlth-}
rCold   x . .      Faith    .   (no shield)
rNeg    + . .      Spirit   .   g - +3 ring mail
rPois   ∞          Reflect  .   L - +0 hat
rElec   .          Harm     .   c - +0 cloak
rCorr   .          Rampage  .   e - +0 pair of gloves
Will    +....      NoTele   +   (boots unavailable)
Stlth   ..........              (no amulet)
HPRegen 0.27/turn               k - ring of protection from fire
MPRegen 0.00/turn               D - ring of positive energy

@: flying
A: sickness immunity, fire resistance 2, cold vulnerability 1, float, innate
caster, HP casting, extra vitality 1
a: Renounce Religion, Minor Destruction, Lesser Servant of Makhleb, Major
Destruction, Greater Servant of Makhleb


You were in a Gauntlet.
You worshipped Makhleb.
Makhleb was extremely pleased with you.
You visited 3 branches of the dungeon, and saw 16 of its levels.
You also visited: Gauntlet.

You collected 1044 gold pieces.

Inventory:

Hand Weapons
 q - a +0 flail of holy wrath
 t - a +0 sling
 E - a +2 halberd of flaming
 I - a +4 quarterstaff of chaos
 K - a +1 dagger of electrocution
 N - a +0 scimitar
 Q - a +2 dagger of venom
 U - a +1 arbalest
 V - the +5 war axe of the Blessed Realm (weapon) {vorpal, Int+4 Dex+4 Stlth-}
   (You found it on level 10 of the Dungeon)

   It inflicts extra damage upon your enemies.
   Int:       It affects your intelligence (+4).
   Dex:       It affects your dexterity (+4).
   Stlth:     It makes you less stealthy.
Missiles
 i - a curare-tipped dart
 o - a throwing net
 A - 7 atropa-tipped darts
Armour
 c - a +0 cloak (worn)
 e - a +0 pair of gloves (worn)
 g - a +3 ring mail (worn)
 B - +0 steam dragon scales
 L - a +0 hat (worn)
 R - a +0 leather armour of cold resistance
 X - a +0 leather armour of fire resistance
Jewellery
 k - a ring of protection from fire (left hand)
 C - a ring of positive energy
 D - a ring of positive energy (right hand)
Wands
 m - a wand of digging (13)
 n - a wand of quicksilver (23)
 p - a wand of roots (2)
 M - a wand of flame (31)
 S - a wand of mindburst (5)
 W - a wand of paralysis (4)
Scrolls
 b - a scroll of enchant weapon
 d - a scroll of magic mapping
 f - 5 scrolls of teleportation {unknown}
 j - 6 scrolls of poison {unknown}
 s - a scroll of identify
 y - 2 scrolls of summoning {unknown}
 z - 4 scrolls of brand weapon {unknown}
 F - 8 scrolls of immolation
 H - a scroll of silence {unknown}
 P - a scroll of acquirement {unknown}
 T - 2 scrolls of fog {unknown}
 Y - 2 scrolls of fear {unknown}
 Z - a scroll of blinking {unknown}
Potions
 a - 4 potions of attraction
 h - 4 potions of cancellation
 l - a potion of mutation
 r - a potion of haste {unknown}
 u - 3 potions of ambrosia
 v - 6 potions of heal wounds
 w - 2 potions of brilliance
 x - 4 potions of berserk rage
 G - 5 potions of curing
 J - a potion of might


   Skills:
 * Level 9.8 Fighting
 + Level 6.3 Armour
 + Level 4.9 Dodging
 - Level 1.5 Stealth
 + Level 14.3 Spellcasting
 * Level 5.5 Invocations
 * Level 2.7 Evocations


You had 9 spell levels left.
You knew the following spells:

 Your Spells              Type           Power      Damage    Failure   Level
a - Foxfire               Conj/Fire      100%       2x1d9     1%          1
b - Scorch                Fire           100%       2d10      1%          2
c - Conjure Flame         Conj/Fire      68%        6-21      1%          3
d - Inner Flame           Hex/Fire       68%        N/A       1%          3
e - Flame Wave            Conj/Fire      68%        2d13      1%          4
f - Shock                 Conj/Air       100%       1d9       1%          1
g - Wereblood             Tmut           68%        N/A       1%          2
h - Call Imp              Summ           68%        N/A       1%          2
i - Animate Dead          Necr           68%        N/A       1%          4
j - Lee's Rapid Deconstr  Erth           34%        3d18*     1%          5
k - Lightning Bolt        Conj/Air       34%        1d51      1%          5
Your spell library was empty.

Dungeon Overview and Level Annotations

Branches:
Dungeon (10/15)            Temple (1/1) D:4            Lair (5/6) D:9
 Shoals (0/4) Lair:2       Spider (0/4) Lair:4          Orc (0/2) D:9
Gauntlet (1/1)
  Slime: Lair:5-6

Altars:
Ashenzari
Cheibriados
Dithmenos
Elyvilon
Fedhas
Gozag
Hepliaklqana
Makhleb
Nemelex Xobeh
Okawaru
Qazlal
Ru
Trog
Uskayaw
Wu Jian
Xom
Yredelemnul
Zin
The Shining One

Shops:
D:1 (   D:3 (

Annotations:
D:5 2 runed translucent doors, exclusion: downstairs, flotson's ghost, weakling DsDe
D:8 exclusion: downstairs
D:10 2 transporters
Lair:2 3 runed translucent doors, flotson's ghost, journeyman DsDe Gauntlet 13 transporters, 21 runed translucent doors


Innate Abilities, Weirdness & Mutations

You are immune to sickness and miasma.
You are immune to poison.
Your flesh is very heat resistant. (rF++)
You are vulnerable to cold. (rC-)
You float through the air rather than walking.
You learn spells naturally, not from books.
Your magical power is your life essence.
You have superior vitality. (+4 MHP)


Message History

The wall shatters!
The blast of rock fragments hits the fire bat!!!
You kill the fire bat!
Makhleb accepts your kill.
You feel better. The fire crab bites you.
You are engulfed in flames.
You resist. The fire crab claws you!
* * * LOW HITPOINT WARNING * * *
You are engulfed in flames.
You resist.
* * * LOW HITPOINT WARNING * * *
Casting: Lee's Rapid Deconstruction (mildly dangerous; 1% risk of failure)
Confirm with . or Enter, or press ? or * to list all spells.
Aiming: Lee's Rapid Deconstruction (mildly dangerous; 1% risk of failure)
Press: ? - help, Dir - move target A translucent stone wall.
The wall shatters!
The blast of rock fragments hits the fire crab!
The fire crab is lightly wounded.
* * * LOW HITPOINT WARNING * * *
The fire crab barely misses you. The fire crab closely misses you.
Casting: Lee's Rapid Deconstruction (mildly dangerous; 1% risk of failure)
Confirm with . or Enter, or press ? or * to list all spells.
Aiming: Lee's Rapid Deconstruction (mildly dangerous; 1% risk of failure)
Press: ? - help, Dir - move target A translucent stone wall.
The wall shatters!
The blast of rock fragments hits the fire crab!!
The fire crab is severely wounded.
* * * LOW HITPOINT WARNING * * *
The fire crab breathes flames at you.
The blast of flame engulfs you but does no damage.
You resist.
You are engulfed in blazing flames.
You resist.
* * * LOW HITPOINT WARNING * * *
The fire crab barely misses you. The fire crab claws you.
* * * LOW HITPOINT WARNING * * *
You are engulfed in flames.
You resist.
* * * LOW HITPOINT WARNING * * *
Unknown command.
The fire crab attacks as you move away! The fire crab bites you.
You die...

#######.#######.....§###
#©...........©#......#8#
###################..###
.©.+..#§#.........#..#
...+..#§#.........#..###
+#+#++#§#..#...#..#..#8#
...+..#§#......°°°#..###
...+..#8#....©..°°#..#
...#++#≈#.......@○#..###
+++#.s#≈#..#...#°t#..#8#
.....y#§#......°°.#..###
)©?[.s#≈#..[?©?...#..#
###################..###
#©...........©#......#8#
#######.#######.....≈###
......#.#........#####
#######.#........#8#


You could see a fire crab.

Vanquished Creatures
  6 hydras
  A boulder beetle (Lair:4)
  A two-headed ogre (D:9)
  A catoblepas (Lair:4)
  The ghost of haplo13 the Protected, a novice MiFi (D:7)
  Nergalle (Lair:3)
  A lindwurm (Lair:5)
  A moth of wrath (Gauntlet)
  Maurice (D:8)
  2 black mambas
  A gargoyle (D:10)
  3 elephants (Lair:3)
  Joseph (D:7)
  An unseen horror (D:10)
  5 cane toads
  2 komodo dragons
  Maggie (D:6)
  4 rime drakes
  A merfolk (Lair:2)
  Prince Ribbit (D:7)
  5 polar bears
  5 blink frogs (Lair:4)
  3 fire bats (Gauntlet)
  44 yaks
  A wraith (D:9)
  3 wyverns
  4 basilisks
  4 steam dragons
  8 water moccasins
  2 hell hounds (Gauntlet)
  2 black bears
  5 orc warriors
  A sky beast (D:6)
  2 ice beasts
  6 centaurs
  17 wolves
  2 ogres
  A phantom (D:5)
  5 kobold brigands
  10 bullfrogs
  3 necrophages
  6 scorpions
  A wight (D:10)
  21 killer bees
  7 howler monkeys
  An electric eel (Lair:2)
  A jelly (D:5)
  5 hounds
  7 orc priests
  A gnoll bouda (D:8)
  Crazy Yiuf (D:7)
  3 iguanas
  9 orc wizards
  7 gnolls
  8 adders
  2 shadow imps (D:7)
  A white imp (D:4)
  2 dart slugs
  45 orcs
  7 endoplasms
  3 giant cockroaches
  5 hobgoblins
  4 jackals (D:2)
  7 quokkas
  7 ball pythons
  11 bats
  9 frilled lizards
  10 goblins
  34 kobolds
  A rat (D:2)
395 creatures vanquished.

Vanquished Creatures (collateral kills)
  A foxfire (Lair:3)
1 creature vanquished.

Vanquished Creatures (others)
  251 foxfires
  27 fungi
  64 plants
342 creatures vanquished.

Grand Total: 738 creatures vanquished

Notes
Turn   | Place    | Note
-------+----------+-------------------------------------------
     0 | D:1      | jimonade the Djinni Fire Elementalist began the quest for
                  | the Orb.
     0 | D:1      | jimonade set off with the following spells memorised:
                  | Foxfire, Scorch, Conjure Flame, Inner Flame, Flame Wave.
     0 | D:1      | Reached XP level 1. HP: 15/15 MP: 0/0
   282 | D:1      | Found a faded altar of an unknown god.
   336 | D:1      | Reached XP level 2. HP: 15/22 MP: 0/0
   854 | D:1      | Found Zutricso's Weapon Shop.
  1539 | D:2      | Reached XP level 3. HP: 25/26 MP: 0/0
  1539 | D:2      | Learned a level 1 spell: Shock
  1567 | D:2      | Reached skill level 3 in Spellcasting
  1576 | D:2      | Reached skill level 1 in Fighting
  2024 | D:2      | Reached XP level 4. HP: 23/32 MP: 0/0
  2854 | D:3      | Found a blossoming altar of Fedhas.
  2997 | D:3      | Reached XP level 5. HP: 20/38 MP: 0/0
  2997 | D:3      | Learned a level 2 spell: Wereblood
  3244 | D:3      | Found Pasuzeq's Weapon Boutique.
  3626 | D:3      | Reached skill level 4 in Spellcasting
  3808 | D:3      | Noticed a +0 spear
  3808 | D:3      | Noticed a +0 short sword
  3808 | D:3      | Noticed a +0 spear
  3808 | D:3      | Noticed a +0 dagger
  3808 | D:3      | Noticed a +0 dagger
  3810 | D:3      | Noticed a +0 falchion
  3812 | D:3      | Noticed a +0 short sword
  3819 | D:3      | Found a hide-covered altar of Uskayaw.
  3821 | D:3      | Noticed a +0 falchion
  4351 | D:4      | Found a staircase to the Ecumenical Temple.
  4361 | D:4      | Reached XP level 6. HP: 35/43 MP: 0/0
  4372 | Temple   | Entered the Ecumenical Temple
  5142 | D:4      | Reached XP level 7. HP: 45/49 MP: 0/0
  5142 | D:4      | Learned a level 2 spell: Call Imp
  5349 | D:4      | Reached skill level 5 in Spellcasting
  5843 | D:4      | Found a basalt altar of Yredelemnul.
  5959 | D:5      | Entered Level 5 of the Dungeon
  6159 | D:5      | Reached XP level 8. HP: 49/56 MP: 0/0
  6232 | D:5      | Found a runed translucent door.
  6240 | D:5      | Reached skill level 6 in Spellcasting
  6401 | D:5      | Found a broken altar of Ashenzari.
  6730 | D:5      | Found a burning altar of Makhleb.
  6759 | D:5      | Became a worshipper of Makhleb the Destroyer
  6784 | D:5      | Noticed flotson's ghost (weakling DsDe)
  6875 | D:5      | Found a runed translucent door.
  7287 | D:6      | Noticed Maggie
  7334 | D:5      | Reached skill level 7 in Spellcasting
  7641 | D:6      | Reached XP level 9. HP: 53/63 MP: 0/0
  7641 | D:6      | Learned a level 4 spell: Animate Dead
  8045 | D:6      | Found an ornate altar of the Wu Jian Council.
  8065 | D:6      | Killed Maggie
  8066 | D:6      | Reached skill level 8 in Spellcasting
  8240 | D:6      | Reached skill level 5 in Fighting
  8525 | D:7      | Found a runed translucent door.
  8634 | D:7      | Noticed Prince Ribbit
  8636 | D:7      | Reached * piety under Makhleb
  8639 | D:7      | Killed Prince Ribbit
  8758 | D:7      | Found a hazy altar of Hepliaklqana.
  8772 | D:7      | Reached skill level 9 in Spellcasting
  8772 | D:7      | Reached XP level 10. HP: 38/72 MP: 0/0
  8960 | D:7      | Noticed haplo13's ghost (novice MiFi)
  9119 | D:7      | Found a sparkling altar of Nemelex Xobeh.
  9442 | D:7      | Found a sacrificial altar of Ru.
  9478 | D:7      | Found a runed translucent door.
  9479 | D:7      | Noticed Crazy Yiuf
  9484 | D:7      | Killed Crazy Yiuf
  9560 | D:7      | Noticed Joseph
  9573 | D:7      | Killed Joseph
  9825 | D:7      | Killed haplo13's ghost
  9826 | D:7      | Reached skill level 1 in Armour
  9826 | D:7      | Reached skill level 10 in Spellcasting
 10164 | D:8      | Noticed Maurice
 10655 | D:8      | Reached ** piety under Makhleb
 10815 | D:8      | Killed Maurice
 10816 | D:8      | Reached XP level 11. HP: 58/78 MP: 0/0
 10816 | D:8      | Learned a level 5 spell: Lee's Rapid Deconstruction
 11775 | D:9      | Identified the +0 chain mail of the Game Afoot {Will+}
 11817 | D:9      | Reached skill level 11 in Spellcasting
 12483 | D:9      | Reached *** piety under Makhleb
 12588 | D:9      | Noticed a two-headed ogre
 12595 | D:9      | Killed a two-headed ogre
 13030 | D:9      | Found a stormy altar of Qazlal.
 13297 | D:9      | Found a staircase to the Orcish Mines.
 13311 | D:9      | Found a staircase to the Lair.
 14371 | D:9      | Found a staircase to the Lair.
 14857 | D:9      | Found a staircase to the Orcish Mines.
 15450 | D:9      | Found a stormy altar of Qazlal.
 15520 | D:10     | Entered Level 10 of the Dungeon
 16153 | D:10     | Found a transporter.
 16156 | D:10     | Noticed an orc sorcerer
 16240 | D:10     | Found a transporter.
 16275 | D:10     | Found a bloodstained altar of Trog.
 16393 | D:10     | Noticed a deep elf knight
 16718 | D:10     | Reached skill level 12 in Spellcasting
 16815 | D:10     | Reached XP level 12. HP: 59/86 MP: 0/0
 16818 | D:10     | Reached skill level 5 in Armour
 16957 | D:10     | Identified the +5 war axe of the Blessed Realm {vorpal,
                  | Int+4 Dex+4 Stlth-}
 17304 | Lair:1   | Entered Level 1 of the Lair of Beasts
 17523 | Lair:1   | Reached skill level 1 in Invocations
 17764 | Lair:1   | Reached **** piety under Makhleb
 18986 | Lair:2   | Noticed a seven-headed hydra
 18997 | Lair:2   | Killed a seven-headed hydra
 19479 | Lair:2   | Found a runed translucent gate.
 19483 | Lair:2   | Found a runed translucent gate.
 19483 | Lair:2   | Found a runed translucent gate.
 19503 | Lair:2   | Noticed flotson's ghost (journeyman DsDe)
 19786 | Lair:2   | Found a staircase to the Shoals.
 20014 | Lair:3   | Reached skill level 13 in Spellcasting
 20075 | Lair:3   | Noticed a seven-headed hydra
 20088 | Lair:3   | Killed a seven-headed hydra
 20221 | Lair:3   | Noticed Nergalle
 20230 | Lair:3   | Killed Nergalle
 20231 | Lair:3   | Reached XP level 13. HP: 73/94 MP: 0/0
 20231 | Lair:3   | Learned a level 5 spell: Lightning Bolt
 20961 | Lair:3   | Noticed an eight-headed hydra
 20961 | Lair:3   | Noticed a five-headed hydra
 20966 | Lair:3   | Killed a five-headed hydra
 20973 | Lair:3   | Killed an eight-headed hydra
 21471 | Lair:4   | Noticed a boulder beetle
 21483 | Lair:4   | Killed a boulder beetle
 21674 | Lair:4   | Noticed a catoblepas
 21697 | Lair:4   | Killed a catoblepas
 21698 | Lair:4   | Reached skill level 1 in Evocations
 21932 | Lair:4   | Reached ***** piety under Makhleb
 22155 | Lair:4   | Reached skill level 14 in Spellcasting
 22163 | Lair:4   | Reached skill level 5 in Invocations
 22370 | Lair:4   | Identified the +2 pair of boots "Damnable Contraption"
                  | {Dex+2}
 22371 | Lair:4   | Found a hole to the Spider Nest.
 22449 | Lair:4   | Noticed a five-headed hydra
 22454 | Lair:4   | Killed a five-headed hydra
 23240 | Lair:5   | Noticed a four-headed hydra
 23245 | Lair:5   | Killed a four-headed hydra
 23277 | Lair:5   | Found a gate leading to a gauntlet.
 23289 | Gauntlet | Entered a Gauntlet
 23289 | Gauntlet | Found a transporter.
 23289 | Gauntlet | Found a transporter.
 23293 | Gauntlet | Found a transporter.
 23293 | Gauntlet | Found a transporter.
 23295 | Gauntlet | Found a large runed translucent door.
 23296 | Gauntlet | Found a large runed translucent door.
 23297 | Gauntlet | Found a large runed translucent door.
 23297 | Gauntlet | Found a large runed translucent door.
 23297 | Gauntlet | Found a runed translucent door.
 23297 | Gauntlet | Found a runed translucent door.
 23297 | Gauntlet | Noticed a catoblepas
 23298 | Gauntlet | Found a large runed translucent door.
 23299 | Gauntlet | Found a large runed translucent door.
 23299 | Gauntlet | Found a large runed translucent door.
 23299 | Gauntlet | Found a large runed translucent door.
 23300 | Gauntlet | Found a large runed translucent door.
 23301 | Gauntlet | Found a large runed translucent door.
 23305 | Gauntlet | Found a transporter.
 23308 | Gauntlet | Found a large runed translucent door.
 23308 | Gauntlet | Found a large runed translucent door.
 23309 | Gauntlet | Found a large runed translucent door.
 23309 | Gauntlet | Found a large runed translucent door.
 23309 | Gauntlet | Found a large runed translucent door.
 23309 | Gauntlet | Found a large runed translucent door.
 23312 | Gauntlet | Found a runed translucent gate.
 23312 | Gauntlet | Found a runed translucent gate.
 23312 | Gauntlet | Found a runed translucent gate.
 23314 | Gauntlet | Found a transporter.
 23321 | Gauntlet | Found a transporter.
 23324 | Gauntlet | Found a transporter.
 23325 | Gauntlet | Noticed a ghost crab
 23329 | Gauntlet | Found a transporter.
 23346 | Gauntlet | Noticed a minotaur
 23356 | Gauntlet | Found a transporter.
 23363 | Gauntlet | Found a transporter.
 23408 | Gauntlet | Found a transporter.
 23418 | Gauntlet | Found a transporter.
 23425 | Gauntlet | Noticed a green death
 23432 | Gauntlet | Found a transporter.
 23535 | Gauntlet | Found a transporter.
 23549 | Gauntlet | Found a transporter.
 23949 | Gauntlet | Reached XP level 14. HP: 85/102 MP: 0/0
 23959 | Gauntlet | HP: 3/102 [fire crab (6)]
 23959 | Gauntlet | HP: 1/102 [fire crab (2)]
 23960 | Gauntlet | Slain by a fire crab

Illustrated notes

Levels and vault maps discovered:
D:1:      lightli_arrival_isolated_outpost, layout_loops_ring,
          hellmonk_ecumenical_altar_crossroads, serial_shops, shop
D:2:      layout_basic
D:3:      layout_basic, nicolae_uskayaw_en_pointe, fedhas_altar_2, serial_shops,
          nicolae_shop_bloodbath_and_beyond, minmay_lizard_king
D:4:      nicolae_cairo_tiling, layout_basic, lemuel_tele_altar,
          minmay_temple_entry_offerings, amethyst_killhole
D:5:      layout_basic, makhleb_blood_cavern_becter, nicolae_ashenzari_skybound,
          ebering_ghost_sewer_f
D:6:      layout_basic, kennysheep_mini, small_statue_intersection,
          grunt_ministairs_12, uniq_maggie
D:7:      layout_loops_cross, worldfamousw_hep_ancestral_shrine,
          hangedman_ru_absence, kennysheep_little_box,
          hellmonk_ghost_happy_afterlife, nrook_pool_corridor,
          roderic_roman_lattice, uniq_joseph, uniq_prince_ribbit1,
          uniq_crazy_yiuf_cottage
D:8:      layout_rooms, roderic_batcave, uniq_maurice
D:9:      layout_layer_cave, kennysheep_orc_sif_temple,
          mainiacjoe_overflow_six_doors_small, lair_entry_dummy,
          hiddenorc2_lemuel
D:10:     gammafunk_wand_slinger, layout_stronghold, jmf_multi_god_temple,
          grunt_ministairs_7, eino_jars
Temple:   nicolae_temple_bog_church
Lair:1:   layout_loops_ring
Lair:2:   layout_long_grid, elwin_shoals_entry_rooms,
          gammafunk_ghost_necromancy, st_stairs_4, cheibrodos_lair_lostbears
Lair:3:   layout_cave_pods, chequers_serial_rivers_small_b, uniq_nergalle
Lair:4:   layout_gridlike, spider_nest_entry_web_field, lemuel_fruit_tree
Lair:5:   layout_layer_cave, gauntlet_entry_generic
Gauntlet: gammafunk_gauntlet_branching [gammafunk_gauntlet_arena_chambers,
          gammafunk_gauntlet_arena_arrow_garden,
          gammafunk_gauntlet_arena_split_diamond,
          nicolae_gauntlet_arena_flowing_pool,
          minmay_gauntlet_arena_make_your_own_arena,
          gammafunk_gauntlet_arena_hedges, gammafunk_gauntlet_arena_crates,
          gammafunk_gauntlet_arena_spirals, gauntlet_exit_green]

Skill      XL: |  1  2  3  4  5  6  7  8  9 10 11 12 13 |
---------------+----------------------------------------+-----
Spellcasting   | 3 4 5 7 9 10 12 13 14 | 14.3
Fighting       | 1 2 3 4 5 6 7 8 9 |  9.8
Dodging        | 3 4 |  4.9
Armour         | 2 4 5 6 |  6.3
Invocations    | 3 5 |  5.5
Evocations     | 2 |  2.7
Stealth        | |  1.5

Action                   |  1- 3 |  4- 6 |  7- 9 | 10-12 | 13-15 || total
-------------------------+-------+-------+-------+-------+-------++-------
Melee: Short sword       |    39 |    77 |     6 |       |       ||   122
       Hand axe          |       |       |     1 |    12 |       ||    13
       Dagger            |       |       |       |     1 |       ||     1
       War axe           |       |       |       |     1 |     1 ||     2
 Cast: Foxfire           |    13 |     5 |    26 |    63 |    50 ||   157
       Scorch            |    14 |    35 |    60 |   171 |    44 ||   324
       Inner Flame       |       |     5 |    42 |   158 |    60 ||   265
       Flame Wave        |       |       |     1 |     4 |     4 ||     9
       Lee's Rapid Decon |       |       |       |    10 |    14 ||    24
       Conjure Flame     |       |       |       |       |     1 ||     1
       Lightning Bolt    |       |       |       |       |     1 ||     1
       Animate Dead      |       |       |       |       |     1 ||     1
  Use: Scroll            |       |       |     7 |     5 |     4 ||    16
       Potion            |       |       |       |       |     1 ||     1
 Stab: Sleeping          |     4 |     2 |       |       |       ||     6
Armor: Robe              |     5 |     7 |     4 |       |       ||    16
       Steam dragon scal |       |       |     5 |       |       ||     5
       Ring mail         |       |       |     4 |    69 |    37 ||   110
Dodge: Dodged            |    27 |    62 |    25 |   114 |    45 ||   273

Table legend: (Time is in decaauts)
 A = Elapsed time spent in this place.
 B = Non-inter-level travel time spent in this place.
 C = Inter-level travel time spent in this place.
 D = Time resting spent in this place.
 E = Time spent auto-exploring this place.
 F = Levels seen in this place.
 G = Mean time per level.
                   A        B        C        D        E       F      G
               +--------+--------+--------+--------+--------+-----+--------+
         Total |  23995 |  23272 |    723 |   4840 |  14251 |  17 | 1411.5 |
       Dungeon |  17125 |  16506 |    619 |   3107 |  10742 |  10 | 1712.5 |
        Temple |    206 |    182 |     24 |      0 |    172 |   1 |  206.0 |
          Lair |   5992 |   5913 |     79 |   1531 |   3075 |   5 | 1198.4 |
      Gauntlet |    670 |    670 |      0 |    202 |    262 |   1 |  670.0 |
               +--------+--------+--------+--------+--------+-----+--------+

Top non-repeatable levels by time:
     D:9: 4137 daAuts
     D:5: 1803 daAuts
     D:7: 1776 daAuts
  Lair:3: 1656 daAuts
     D:8: 1503 daAuts
     D:1: 1503 daAuts
     D:3: 1496 daAuts
  Lair:4: 1442 daAuts
  Lair:1: 1441 daAuts
     D:4: 1412 daAuts
     D:2: 1352 daAuts
  Lair:2: 1291 daAuts
    D:10: 1208 daAuts
     D:6: 931 daAuts
Gauntlet: 670 daAuts
